 Dungeon Crawl Stone Soup version 0.30.1-3-gfc49f6343a (webtiles) character file.

Game seed: 6023427144674846039

42728 wingedge the Reanimator (level 13, 0/105 HPs)
             Began as a Demigod Wanderer on July 27, 2023.
             Slain by a black mamba (2 damage)
             ... on level 5 of the Lair of Beasts on July 28, 2023.
             The game lasted 02:17:04 (23362 turns).

wingedge the Reanimator (Demigod Wanderer)         Turns: 23362, Time: 02:17:05

Health: 0/105      AC: 12    Str: 17    XL:     13   Next: 50%
Magic:  2/30       EV: 11    Int: 47    God:
Gold:   1179       SH: 10    Dex: 14    Spells: 4/30 levels left

rFire   + . .        a - staff of fire "Iwuqifa" {Fragile rPois rF+ rC+ Str+6}
rCold   + + .        x - +0 buckler
rNeg    + . .        j - +1 ring mail of Xuem {+Inv Fly Will+++ Str-2}
rPois   +            L - +1 helmet {Int+3}
rElec   +            w - scarf "Gonean" {shadows, rElec rN+ Will+ Stlth+}
rCorr   .            u - +0 pair of gloves
SInv    .            m - +1 pair of boots
Will    ++++.        G - amulet "Ehuutieg" {Reflect +Blink Will- Int+9 SH+5 Stlth-}
Stlth   ++           v - ring of protection from cold
HPRegen 0.37/turn    I - +6 ring of intelligence
MPRegen 0.22/turn

%: reflection
@: death channelling, flying
A: high MP 1, forlorn, divine attributes
a: Evoke Blink, Evoke Invisibility


You were on level 5 of the Lair of Beasts.
You visited 2 branches of the dungeon, and saw 15 of its levels.
You also visited: Bailey and Gauntlet.

You collected 1179 gold pieces.

Inventory:

Hand Weapons
 b - the +6 sling of the Bellicose God {freeze, rElec rF- rC++ Str+2}
   (You found it on level 5 of the Dungeon)

   Str:       It affects your strength (+2).
   rF:        It makes you vulnerable to fire.
   rC:        It greatly protects you from cold.
   rElec:     It insulates you from electricity.
 D - a +1 antimagic war axe
 E - the +6 spear of Camus {flame, rF++ rC-}
   (You found it in a Gauntlet)

   rF:        It greatly protects you from fire.
   rC:        It makes you vulnerable to cold.
 N - the +8 war axe of Dismemberment {venom, rElec}
   (You found it on level 8 of the Dungeon)

   rElec:     It insulates you from electricity.
 S - a +1 heavy morningstar
Armour
 j - the +1 ring mail of Xuem (worn) {+Inv Fly Will+++ Str-2}
   (You found it on level 2 of the Dungeon)

   Str:       It affects your strength (-2).
   +Inv:      It lets you turn invisible.
   Fly:       It grants you flight.
   Will:      It greatly increases your willpower.
 m - a +1 pair of boots (worn)
 u - a +0 pair of gloves (worn)
 w - the scarf "Gonean" (worn) {shadows, rElec rN+ Will+ Stlth+}
   (You found it on level 3 of the Lair of Beasts)

   rElec:     It insulates you from electricity.
   rN:        It protects you from negative energy.
   Will:      It increases your willpower.
   Stlth:     It makes you more stealthy.
 x - a +0 buckler (worn)
 L - a +1 helmet of intelligence (worn)
 T - +0 acid dragon scales
 V - a +0 troll leather armour
Magical Staves
 a - the staff of fire "Iwuqifa" (weapon) {Fragile rPois rF+ rC+ Str+6}
   (You found it in a bailey)

   [staff of fire]

   Base accuracy: +5 Base damage: 5 Base attack delay: 1.2 This weapon's minimum
   attack delay (0.6) is reached at skill level 12.
   Str:       It affects your strength (+6).
   rF:        It protects you from fire.
   rC:        It protects you from cold.
   rPois:     It protects you from poison.
   Fragile:   It will be destroyed if unequipped.
   It falls into the 'Staves' category.
   It is a one-handed weapon.
Jewellery
 k - an amulet of regeneration
 l - a +6 ring of dexterity
 o - the ring "Deobonec" {rN+ Str+3}
   (You found it on level 3 of the Lair of Beasts)

   [ring of positive energy]

   Str:       It affects your strength (+3).
   rN:        It protects you from negative energy.
 v - a ring of protection from cold (left hand)
 A - a ring of willpower
 C - a ring of see invisible
 G - the amulet "Ehuutieg" (around neck) {Reflect +Blink Will- Int+9 SH+5 Stlth-}
   (You found it on level 7 of the Dungeon)

   [amulet of reflection]

   It reflects blocked missile attacks.
   Int:       It affects your intelligence (+9).
   +Blink:    It lets you blink.
   SH:        It affects your SH (+5).
   Will:      It decreases your willpower.
   Stlth:     It makes you less stealthy.
 I - a +6 ring of intelligence (right hand)
 J - a ring of wizardry
 Q - a ring of poison resistance
Wands
 r - a wand of mindburst (5)
 H - a wand of flame (46)
 M - a wand of light (16)
 R - a wand of roots (9)
 Y - a wand of polymorph (5)
 Z - a wand of charming (5)
Scrolls
 d - 3 scrolls of poison
 e - 8 scrolls of fog
 h - 3 scrolls of fear
 p - 4 scrolls of magic mapping
 q - 6 scrolls of teleportation
 s - a scroll of brand weapon
 y - a scroll of identify
 B - a scroll of amnesia
 O - a scroll of immolation
 U - a scroll of blinking
Potions
 c - 2 potions of berserk rage
 f - 2 potions of brilliance
 g - a potion of heal wounds
 i - 4 potions of curing
 t - 2 potions of invisibility {unknown}
 z - 2 potions of haste
 F - a potion of cancellation
 K - a potion of magic {unknown}
 X - a potion of ambrosia {unknown}
Miscellaneous
 W - a condenser vane


   Skills:
 - Level 7.0 Fighting
 - Level 2.0 Maces & Flails
 - Level 5.0 Armour
 - Level 3.0 Dodging
 - Level 3.0 Stealth
 - Level 4.0 Shields
 - Level 9.0 Spellcasting
 - Level 9.0 Conjurations
 - Level 7.0 Summonings
 + Level 11.3 Necromancy
 - Level 7.0 Ice Magic
 - Level 4.0 Evocations


You had 4 spell levels left.
You knew the following spells:

 Your Spells              Type           Power      Damage    Failure   Level
a - Freeze                Ice            100%       1d10      1%          1
b - Hailstorm             Conj/Ice       77%        3d16      1%          3
c - Summon Ice Beast      Ice/Summ       72%        N/A       1%          4
d - Dispel Undead         Necr           91%        3d29      1%          4
e - Iskenderun's Battles  Conj           81%        2d13      1%          5
f - Death Channel         Necr           45%        N/A       3%          6
g - Call Canine Familiar  Summ           72%        N/A       1%          3

Your spell library contained the following spells:

 Spells                   Type           Power      Damage    Failure   Level
 Cigotuvi's Dreadful Rot  Necr/Pois/Air  100%       N/A       1%          2
 Dazzling Flash           Conj/Hex       100%       N/A       1%          3
 Lesser Beckoning         Tloc           42%        N/A       4%          2
 Gell's Gravitas          Tloc           21%        N/A       8%          3
 Portal Projectile        Hex/Tloc       42%        N/A       8%          3
 Teleport Other           Tloc           21%        N/A       8%          3
 Tukima's Dance           Hex            21%        N/A       8%          3
 Leda's Liquefaction      Hex/Erth       10%        N/A       26%         4
 Agony                    Necr           91%        N/A       1%          5
 Conjure Ball Lightning   Conj/Air       29%        3x3d8     54%         6
 Blade Hands              Tmut           10%        N/A       58%         5
 Silence                  Hex/Air        10%        N/A       58%         5


Dungeon Overview and Level Annotations

Branches:
Dungeon (10/15)            Temple (0/1) D:7            Lair (5/5) D:9
  Swamp (0/4) Lair:3        Snake (0/4) Lair:3        Slime (0/5) Lair:5
    Orc (0/2) D:9          Bailey (visited)         Gauntlet (visited)

Annotations:
D:6 dig for tomes


Innate Abilities, Weirdness & Mutations

You have an increased reservoir of magic. (+10% MP)
You shall have no god before yourself.
Your divine heritage dramatically boosts your attributes as you level up.


Message History

Your ice beast hits the black mamba.
Your ice beast freezes the black mamba!
The wolf spider hits you but does no damage.
The wolf spider bites you but does no damage.
You closely miss the black mamba.
The black mamba is heavily wounded.
A nearby fungus withers and dies.
You block the black mamba's attack.
The guardian serpent closely misses you.
You block the black mamba's attack.
Your warg barely misses the guardian serpent.
The black mamba bites you! The black mamba barely misses you.
Your spectral cane toad barely misses the wolf spider.
The wolf spider completely misses you. The wolf spider misses you.
The guardian serpent misses you. The black mamba bites you.
* * * LOW HITPOINT WARNING * * *
The black mamba bites you but does no damage.
Your warg bites the guardian serpent.
Your ice beast closely misses the black mamba.
The black mamba bites you but does no damage.
Your spectral cane toad hits the wolf spider!
Casting: Summon Ice Beast (mildly dangerous; 1% risk of failure)
Confirm with . or Enter, or press ? or * to list all spells.
Aiming: Freeze (safe; 1% risk of failure)
Press: ? - help, Shift-Dir - straight line, f - black mamba
Aim: a black mamba (heavily wounded, ally target)
You freeze the black mamba!
The black mamba is severely wounded.
You block the wolf spider's attack. x2; The black mamba barely misses you.
The guardian serpent misses you. The black mamba bites you.
* * * LOW HITPOINT WARNING * * *
The black mamba bites you.
* * * LOW HITPOINT WARNING * * *
Your warg bites the guardian serpent.
Your ice beast hits the black mamba but does no damage.
The wolf spider hits you!
* * * LOW HITPOINT WARNING * * *
The wolf spider bites you.
* * * LOW HITPOINT WARNING * * *
Your spectral cane toad hits the wolf spider!
The black mamba bites you.
You die...
PP<..# #......#....###....#. ~P..P..# ##....##...##........ ~P......# #....#...##......... ~P.P....S ##..##..##....P.....
PP.......

#..#.[##........... PP..###.l
####.##.....###Z... ...## ##
###..#....###...... ...#
##Sh..=..###...P...[ ...#
..####YS@S#.###....P..... ...#
.......Ss.###............ ...#
.......Z..###............ ...#
..####†...#.###....P..... ...#
###).##..##)..###...P.... ...##
###...#######.....###......
....###....## ####.P#.....###...#
..........##![#..#..##..........#
.........##..##..##..##.........#


You could see a wolf spider (ally target), a guardian serpent (distracted, ally
target), 3 black mambas, a friendly spectral cane toad, a friendly warg
(summoned) and a friendly ice beast (summoned).

Vanquished Creatures
  A minotaur (Gauntlet)
  A large abomination (Gauntlet)
  A fire crab (Gauntlet)
  3 skysharks
  2 bog bodies (Lair:3)
  2 glowing orange brains (Gauntlet)
  3 orc knights (Bailey)
  An ugly thing (Gauntlet)
  6 black mambas
  A moth of wrath (Gauntlet)
  9 cane toads
  An unseen horror (D:10)
  2 rime drakes
  5 komodo dragons
  2 hornets
  A raiju (Gauntlet)
  18 blink frogs
  3 dream sheep (Lair:2)
  A shadow (D:9)
  5 wyverns
  20 yaks
  2 basilisks
  2 small abominations (Gauntlet)
  A golden eye (D:9)
  A steam dragon (Gauntlet)
  4 fire bats (Gauntlet)
  A redback (Lair:5)
  4 swamp worms (Lair:3)
  2 wargs (D:9)
  Edmund (D:4)
  3 vampire mosquitoes (D:7)
  3 nagas (Lair:3)
  17 water moccasins
  3 hell hounds (Gauntlet)
  A sky beast (D:6)
  2 ice beasts
  5 orc warriors
  3 black bears
  11 wolves
  5 centaurs
  A phantom (D:4)
  A nameless horror (D:4)
  8 bullfrogs
  A gnoll sergeant (D:7)
  3 scorpions
  12 wights
  9 killer bees (D:9)
  5 electric eels (Lair:4)
  4 howler monkeys (D:8)
  8 orc priests
  3 hounds
  2 iguanas
  A sleepcap (D:6)
  8 orc wizards
  5 adders
  10 gnolls
  2 white imps (D:6)
  4 worms
  A dart slug (D:3)
  26 orcs
  6 endoplasms
  A giant cockroach (D:3)
  3 goblins
  3 hobgoblins
  4 jackals (D:2)
  3 quokkas (D:1)
  4 ball pythons
  11 bats
  2 frilled lizards
  8 kobolds
  5 rats
323 creatures vanquished.

Vanquished Creatures (collateral kills)
  2 hydras
  A catoblepas (Lair:5)
  A boulder beetle (Lair:5)
  An ugly thing (Gauntlet)
  3 black mambas
  2 cane toads (Lair:5)
  A torpor snail (Lair:2)
  Maggie (D:9)
  A rime drake (Lair:4)
  A polar bear (Lair:5)
  2 trolls
  8 blink frogs
  A hornet (Lair:5)
  A fire bat (Gauntlet)
  2 wyverns (Lair:5)
  A basilisk (Lair:1)
  4 yaks
  A small abomination (Gauntlet)
  A warg (D:8)
  3 water moccasins (Lair:5)
  2 orc warriors
  An ogre (D:4)
  2 wolves
  2 bullfrogs
  2 wights
  6 killer bees (D:9)
  2 howler monkeys (D:9)
  5 jellies (Lair:5)
  An adder (D:4)
  A shadow imp (D:8)
  10 orcs
72 creatures vanquished.

Grand Total: 395 creatures vanquished

Notes
Turn   | Place    | Note
-------+----------+-------------------------------------------
     0 | D:1      | wingedge the Demigod Wanderer began the quest for the Orb.
     0 | D:1      | wingedge set off with the following items: a +0 mace, a +0
                  | pair of gloves, a potion of haste, a +0 robe; and the
                  | following spell memorised: Freeze; and the following spells
                  | available to memorise: Hailstorm, Summon Ice Beast.
     0 | D:1      | Reached XP level 1. HP: 16/16 MP: 4/4
   543 | D:1      | Reached XP level 2. HP: 23/23 MP: 3/5
   780 | D:1      | Reached skill level 1 in Conjurations
  1414 | D:2      | Identified the +1 ring mail of Xuem {+Inv Fly Will+++
                  | Str-2}
  1574 | D:2      | Reached XP level 3. HP: 24/28 MP: 3/6
  2854 | D:3      | Noticed an ice beast
  2878 | D:3      | Killed an ice beast
  2879 | D:3      | Reached XP level 4. HP: 35/35 MP: 7/9
  2993 | D:3      | Learned a level 3 spell: Hailstorm
  3088 | D:3      | Reached skill level 5 in Ice Magic
  3151 | D:3      | Reached XP level 5. HP: 40/40 MP: 6/10
  3624 | D:4      | Noticed Edmund
  3912 | D:4      | Noticed an ogre
  3946 | D:5      | Entered Level 5 of the Dungeon
  4005 | D:5      | Noticed a centaur
  4021 | D:5      | Killed a centaur
  4022 | D:5      | Reached XP level 6. HP: 42/48 MP: 5/13
  4109 | D:5      | Noticed a water moccasin
  4117 | D:5      | Killed a water moccasin
  4685 | D:5      | Reached XP level 7. HP: 53/55 MP: 1/14
  4990 | D:5      | Identified the +6 sling of the Bellicose God {freeze, rElec
                  | rF- rC++ Str+2}
  5757 | D:6      | Reached skill level 5 in Conjurations
  6133 | D:6      | Reached XP level 8. HP: 61/61 MP: 10/15
  6834 | D:7      | Identified the amulet "Ehuutieg" {Reflect +Blink Will-
                  | Int+9 SH+5 Stlth-}
  6851 | D:7      | Learned a level 4 spell: Summon Ice Beast
  7157 | D:7      | Reached skill level 1 in Summonings
  7339 | D:7      | Reached skill level 1 in Evocations
  7806 | D:7      | Found a staircase to the Ecumenical Temple.
  7867 | D:8      | Found a flagged portal.
  7872 | Bailey   | Entered a bailey
  7880 | Bailey   | Reached skill level 5 in Summonings
  7920 | Bailey   | Reached XP level 9. HP: 42/67 MP: 4/17
  8141 | Bailey   | Noticed an orc knight
  8343 | Bailey   | Noticed an orc knight
  8364 | Bailey   | Noticed an orc knight
  8369 | Bailey   | Killed an orc knight
  8514 | Bailey   | Killed an orc knight
  8515 | Bailey   | Reached skill level 1 in Shields
  8669 | Bailey   | Killed an orc knight
  8816 | Bailey   | Identified the staff of fire "Iwuqifa" {Fragile rPois rF+
                  | rC+ Str+6}
  9755 | D:4      | Killed Edmund
 10345 | D:8      | Reached XP level 10. HP: 75/78 MP: 1/19
 10592 | D:8      | Identified the +8 war axe of Dismemberment {venom, rElec}
 10612 | D:8      | Reached skill level 1 in Necromancy
 10693 | D:8      | Learned a level 4 spell: Dispel Undead
 11732 | D:9      | Found a staircase to the Orcish Mines.
 11761 | D:9      | Reached skill level 2 in Necromancy
 11902 | D:9      | Noticed Maggie
 11909 | D:9      | Killed Maggie
 12334 | D:9      | Reached skill level 3 in Necromancy
 12480 | D:9      | Reached skill level 5 in Spellcasting
 12737 | D:9      | Found a staircase to the Lair.
 12867 | D:9      | Reached skill level 4 in Necromancy
 13137 | D:10     | Entered Level 10 of the Dungeon
 14097 | D:10     | Reached XP level 11. HP: 85/85 MP: 14/22
 14325 | Lair:1   | Entered Level 1 of the Lair of Beasts
 14351 | D:9      | Reached skill level 5 in Necromancy
 14412 | Lair:1   | Reached skill level 5 in Fighting
 14450 | Lair:1   | Found a gate leading to a gauntlet.
 14473 | Gauntlet | Entered a Gauntlet
 14473 | Gauntlet | Found a transporter.
 14594 | Gauntlet | Found a transporter.
 14595 | Gauntlet | Found a transporter.
 14603 | Gauntlet | Found a transporter.
 14606 | Gauntlet | Found a transporter.
 14607 | Gauntlet | Found a transporter.
 14612 | Gauntlet | Noticed a large abomination
 14615 | Gauntlet | Found a transporter.
 14616 | Gauntlet | Noticed a minotaur
 14618 | Gauntlet | Found a transporter.
 14619 | Gauntlet | Found a transporter.
 14642 | Gauntlet | Noticed a fire crab
 14643 | Gauntlet | Found a transporter.
 14646 | Gauntlet | Found a transporter.
 14648 | Gauntlet | Found a transporter.
 14650 | Gauntlet | Noticed a glowing orange brain
 14651 | Gauntlet | Noticed a glowing orange brain
 14655 | Gauntlet | Found a transporter.
 14739 | Gauntlet | Found a transporter.
 14779 | Gauntlet | Reached skill level 6 in Necromancy
 14803 | Gauntlet | Got the Almanac of the Barrage
 14810 | Gauntlet | Learned a level 5 spell: Iskenderun's Battlesphere
 14926 | Gauntlet | Identified the +6 spear of Camus {flame, rF++ rC-}
 14960 | Gauntlet | Killed a large abomination
 15070 | Gauntlet | Killed a fire crab
 15218 | Gauntlet | Killed a glowing orange brain
 15224 | Gauntlet | Killed a glowing orange brain
 15229 | Gauntlet | Reached skill level 7 in Necromancy
 15392 | Gauntlet | HP: 4/89 [minotaur/bolt (2)]
 15396 | Gauntlet | Killed a minotaur
 16787 | Lair:2   | Noticed a skyshark
 16795 | Lair:2   | Killed a skyshark
 16796 | Lair:2   | Reached XP level 12. HP: 96/96 MP: 2/24
 17248 | Lair:2   | Noticed a five-headed hydra
 17253 | Lair:2   | Killed a five-headed hydra
 17254 | Lair:2   | Reached skill level 8 in Necromancy
 18501 | Lair:3   | Found a transporter.
 18569 | Lair:3   | Found a staircase to the Snake Pit.
 18665 | Lair:3   | Found a transporter.
 18810 | Lair:3   | Identified the ring "Deobonec" {rN+ Str+3}
 18872 | Lair:3   | Identified the scarf "Gonean" {shadows, rElec rN+ Will+
                  | Stlth+}
 18891 | Lair:3   | Learned a level 6 spell: Death Channel
 19031 | Lair:3   | Reached skill level 9 in Necromancy
 19216 | Lair:3   | Found a staircase to the Swamp.
 19221 | Lair:3   | Reached skill level 1 in Stealth
 20173 | Lair:4   | Noticed a six-headed hydra
 20179 | Lair:4   | Killed a six-headed hydra
 21375 | Lair:4   | Reached XP level 13. HP: 105/105 MP: 20/28
 21376 | Lair:4   | Reached skill level 5 in Armour
 21590 | Lair:4   | Learned a level 3 spell: Call Canine Familiar
 21847 | Lair:5   | Entered Level 5 of the Lair of Beasts
 21867 | Lair:5   | Reached skill level 10 in Necromancy
 21888 | Lair:5   | Found a staircase to the Slime Pits.
 23103 | Lair:5   | Reached skill level 11 in Necromancy
 23362 | Lair:5   | HP: 3/105 [wolf spider (14)]
 23362 | Lair:5   | Slain by a black mamba

Illustrated notes

Levels and vault maps discovered:
D:1:      roderic_octagonal_star, layout_basic, minmay_3d_cube
D:2:      layout_basic, shapermc_ecumenical_altar_starsandcircs,
          hangedman_decor_growths
D:3:      layout_loops_ring, lemuel_round_altar, tso_oasis_becter,
          minmay_close_crescents
D:4:      layout_basic, cheibrodos_ashenzari_chains,
          mainiacjoe_overflow_cross_hatched, uniq_edmund
D:5:      layout_loops_ring, nzn_hepliaklqana_mist_gate
D:6:      layout_loops_ring, nicolae_sif_muna_little_library,
          mainiacjoe_overflow_boulevard
D:7:      layout_gridville, lemuel_tele_altar,
          minmay_temple_entry_gardened_gates
D:8:      layout_loops_corners, enter_bailey_2
D:9:      layout_loops_ring, erik_lair_orcish_takeover, uniq_maggie
D:10:     layout_cave_pods, nicolae_wu_jian_wuxing_cycle,
          mainiacjoe_overflow_catch_the_wave
Lair:1:   layout_loops_ring, gauntlet_entry_generic, basic_altar,
          serial_bayou_pond_a, st_stairs_5, patterned_corridor
Lair:2:   layout_regular_city, grunt_megastairs_2, infiniplex_staircase_pool,
          serial_bayou_shore_b
Lair:3:   gammafunk_worm_tunnel, layout_loops_ring, skrybe_swamp_entry_bodies,
          minmay_snake_entry_guardpost_small, dreamdust_mushroom_princess
Lair:4:   layout_big_grid, serial_bayou, serial_bayou_lagoon_a,
          serial_bayou_pond_e, serial_bayou_lake_a, serial_bayou_pond_d,
          serial_bayou_pond_b, serial_bayou_pond_b, serial_bayou_shore_b,
          serial_bayou_shore_b, serial_bayou_shore_b
Lair:5:   hangedman_lair_tendril_chambers, layout_gridlike,
          guppyfry_lair_end_dragon, nicolae_slime_entry_field_trip,
          small_statue_intersection

Skill      XL: |  1  2  3  4  5  6  7  8  9 10 11 12 13 |
---------------+----------------------------------------+-----
Maces & Flails | 2 |  2.0
Ice Magic      | 4 5 6 7 |  7.0
Conjurations   | 1 2 4 6 8 9 |  9.0
Spellcasting   | 2 3 4 5 7 9 |  9.0
Fighting       | 2 4 6 7 |  7.0
Summonings     | 5 6 7 |  7.0
Evocations     | 2 3 4 |  4.0
Shields        | 3 4 |  4.0
Armour         | 3 4 5 |  5.0
Necromancy     | 4 7 9 11 | 11.3
Dodging        | 2 3 |  3.0
Stealth        | 3 |  3.0

Action                     |  1- 3 |  4- 6 |  7- 9 | 10-12 | 13-15 || total
---------------------------+-------+-------+-------+-------+-------++-------
  Melee: Mace              |    23 |     1 |       |       |       ||    24
         Punch             |     1 |       |       |       |       ||     1
         Dagger            |       |     8 |    35 |       |       ||    43
         Staff             |       |       |       |    60 |     6 ||    66
   Fire: Sling             |       |       |    42 |       |       ||    42
   Cast: Freeze            |    73 |    49 |    49 |   212 |    92 ||   475
         Hailstorm         |       |    15 |    83 |   119 |     9 ||   226
         Summon Ice Beast  |       |       |    17 |    54 |     9 ||    80
         Dispel Undead     |       |       |       |     1 |       ||     1
         Iskenderun's Batt |       |       |       |    42 |    16 ||    58
         Death Channel     |       |       |       |     1 |     6 ||     7
         Call Canine Famil |       |       |       |       |     7 ||     7
Ability: Evoke Blink       |       |       |       |     1 |       ||     1
  Evoke: Wand              |       |       |     2 |     6 |       ||     8
    Use: Scroll            |     4 |     2 |     6 |    13 |     1 ||    26
         Potion            |     2 |       |     2 |    10 |       ||    14
 Armour: Robe              |    12 |       |       |       |       ||    12
         Ring mail         |    24 |    26 |    53 |    83 |    24 ||   210
  Dodge: Dodged            |    27 |    29 |    55 |   107 |    30 ||   248
  Block: Buckler           |       |       |    36 |   129 |    36 ||   201
         Reflection        |       |       |     2 |     6 |       ||     8
